 Dungeon Crawl Stone Soup version 0.18-a0-76-g3fe7f8b (webtiles) character file.

471 Proton the Covered (level 6, 0/57 HPs)
             Began as a Deep Dwarf Fighter on Nov 12, 2015.
             Slain by Proton's ghost (4 damage)
             ... on level 4 of the Dungeon.
             The game lasted 00:04:47 (2095 turns).

Proton the Covered (Deep Dwarf Fighter)             Turns: 2095, Time: 00:04:47

Health: 0/57       AC: 13    Str: 22    XL:     6   Next: 83%
Magic:  6/6        EV:  9    Int:  8    God:
Gold:   229        SH:  9    Dex: 12    Spells: 0 memorised, 5 levels left

rFire  . . .     SeeInvis +     a - +0 war axe
rCold  + . .     Clarity  .     b - +0 scale mail
rNeg   . . .     SustAt   .     c - +0 shield
rPois  .         Gourm    .     (no helmet)
rElec  .         Spirit   .     r - +2 cloak
rCorr  .         Warding  .     k - +2 pair of gloves
rMut   .         Stasis   .     (no boots)
MR     .....                    (no amulet)
Stlth  ..........               m - ring of protection from cold
                                p - ring of see invisible

@: non-regenerating, not resistant to hostile enchantments, extremely unstealthy
A: damage resistance, recharge devices, sense surroundings 1, slow regeneration
3
a: Device Recharging


You were on level 4 of the Dungeon.
You were not hungry.

You visited 1 branch of the dungeon, and saw 4 of its levels.

You collected 229 gold pieces.

Inventory:

Hand Weapons
 a - a +0 war axe (weapon)
Armour
 b - a +0 scale mail (worn)
 c - a +0 shield (worn)
 k - a +2 pair of gloves (worn)
 r - a +2 cloak (worn)
Jewellery
 m - a ring of protection from cold (right hand)
 p - a ring of see invisible (left hand)
 u - a cursed amulet of inaccuracy {unknown}
 y - an uncursed ring of poison resistance {unknown}
 C - an uncursed amulet of faith {unknown}
Wands
 e - a wand of heal wounds (1)
 w - a wand of confusion (22)
 A - a wand of frost (23)
Scrolls
 i - 2 scrolls of random uselessness {unknown}
 l - 5 scrolls of identify {unknown}
 o - 2 scrolls of magic mapping {unknown}
 q - a scroll of enchant armour {unknown}
 t - a scroll of noise {unknown}
 x - a scroll of fog {unknown}
 z - a scroll of recharging {unknown}
Potions
 d - 2 potions of might
 g - 5 potions of curing {unknown}
 h - a potion of flight {unknown}
 j - a potion of heal wounds
 s - 2 potions of ambrosia {unknown}
 v - a potion of magic {unknown}
Comestibles
 f - a bread ration
 n - a beef jerky
 B - a slice of pizza


   Skills:
 + Level 4.2 Fighting
 + Level 4.6 Axes
 + Level 4.9 Armour
 + Level 3.7 Dodging
 - Level 3.2 Shields


You had 5 spell levels left.
You didn't know any spells.

Dungeon Overview and Level Annotations

Branches:
Dungeon (4/15)
 Temple: D:4-7

Altars:
Dithmenos
Fedhas
Makhleb
Sif Muna

Annotations:
D:4 Proton's ghost, amateur DDFi


Innate Abilities, Weirdness & Mutations

You are resistant to damage.
You can recharge devices by infusing magical energy.
You passively map a small area around you.
You do not regenerate naturally.


Message History

Proton's ghost is heavily damaged.
Proton's ghost hits you but does no damage.
You hit Proton's ghost but do no damage.
Proton's ghost is heavily damaged.
Proton's ghost hits you!
* * * LOW HITPOINT WARNING * * *
You block Proton's ghost's attack.
You barely miss Proton's ghost.
Proton's ghost is heavily damaged.
You hear the brisk hiss of a very distant avalanche of sand.
Proton's ghost hits you.
* * * LOW HITPOINT WARNING * * *
You hit Proton's ghost.
Proton's ghost is heavily damaged.
You block Proton's ghost's attack.
You closely miss Proton's ghost.
Proton's ghost is heavily damaged.
Proton's ghost hits you but does no damage.
Proton's ghost hits you.
You die...

... *
#.#.# #.#
### #.#.#
#.# #.#.#
#.# **
#.####.###
8 *, ,
#........#
*
######.#.#
* #.#.#
,,, *
#.#.# ,
#@#.#
#W#.# *
#O#.# *
#...#
###.# *.#
* *.#* *
..* .#


You could see an ogre and Proton's ghost.

Vanquished Creatures
  Grinder (D:3)
  Crazy Yiuf (D:3)
  2 hounds
  A centaur skeleton (D:3)
  A worker ant (D:4)
  3 adders (D:4)
  4 gnolls (D:4)
  An ooze (D:3)
  3 giant geckos
  5 orcs
  A ball python (D:4)
  7 bats
  2 hobgoblins
  7 jackals
  2 giant cockroaches
  4 giant newts
  6 goblins
  5 kobolds
  9 rats
65 creatures vanquished.

Notes
Turn   | Place    | Note
--------------------------------------------------------------
     0 | D:1      | Proton the Deep Dwarf Fighter began the quest for the Orb.
     0 | D:1      | Reached XP level 1. HP: 20/20 MP: 1/1
   228 | D:1      | Reached XP level 2. HP: 27/27 MP: 2/2
   539 | D:2      | Found a burning altar of Makhleb.
   543 | D:2      | Reached skill level 1 in Dodging
   543 | D:2      | Reached XP level 3. HP: 26/34 MP: 3/3
   677 | D:2      | You fall through a shaft!
   712 | D:3      | Noticed Crazy Yiuf
   721 | D:3      | Killed Crazy Yiuf
   721 | D:3      | Reached XP level 4. HP: 9/42 MP: 4/4
  1272 | D:2      | Found a blossoming altar of Fedhas.
  1380 | D:2      | Found a deep blue altar of Sif Muna.
  1474 | D:3      | Noticed Grinder
  1511 | D:3      | Paralysed by Grinder for 2 turns
  1516 | D:3      | Killed Grinder
  1516 | D:3      | Reached skill level 4 in Axes
  1516 | D:3      | Reached XP level 5. HP: 25/50 MP: 5/5
  1516 | D:3      | Reached XP level 6. HP: 28/57 MP: 6/6
  1968 | D:4      | Found a shadowy altar of Dithmenos.
  2080 | D:4      | Noticed Proton's ghost (amateur DDFi)
  2095 | D:4      | Slain by Proton's ghost

Vault maps used:
D:1:      minmay_arrival_widening_spiral_wide, minmay_liquid_box,
          minmay_misc_feat_doors
D:2:      makhleb_heckhound_becter, overflow_temple_1_default,
          lemuel_doored_altar, minmay_bisected
D:3:      uniq_crazy_yiuf_cottage, uniq_grinder
D:4:      nicolae_overflow_hidden_temple, nicolae_ossuary_entry_monument,
          cheibriados_altar_wand_db

Action                   |  1- 3 |  4- 6 || total
-------------------------+-------+-------++-------
Melee: War axe           |    63 |   155 ||   218
Evoke: Wand              |       |     4 ||     4
  Eat: Meat ration       |       |     1 ||     1
